 Dungeon Crawl Stone Soup version 0.23-a0-319-gb40ba49 (webtiles) character file.

165 HoaS the Ruffian (level 5, 0/46 HPs)
             Began as a Ghoul Gladiator on Oct 14, 2018.
             Was an Initiate of Makhleb.
             Slain by a gnoll sergeant
             ... wielding a +0 spear
              (2 damage)
             ... on level 2 of the Dungeon.
             The game lasted 00:12:43 (2721 turns).

HoaS the Ruffian (Ghoul Gladiator)                  Turns: 2721, Time: 00:12:44

Health: 0/46       AC:  8    Str: 19    XL:     5   Next: 46%
Magic:  4/4        EV: 10    Int:  3    God:    Makhleb [......]
Gold:   118        SH:  0    Dex: 10    Spells: 4/4 levels left

rFire    . . .     SeeInvis .     - Unarmed
rCold    + . .     Gourm    .   (no shield)
rNeg     + + +     Faith    .   l - +0 scale mail
rPois    ∞         Spirit   .   b - +1 helmet
rElec    .         Reflect  .   (no cloak)
rCorr    .         Harm     .   (no gloves)
MR       .....                  (no boots)
Stlth    ..........             (no amulet)
HPRegen  0.00/turn              (no ring)
MPRegen  0.09/turn              (no ring)

@: rotting
A: rotting body, claws 1, carnivore, cold resistance 1, negative energy
resistance 3, inhibited regeneration, torment resistance, unbreathing
a: Renounce Religion


You were on level 2 of the Dungeon.
You worshipped Makhleb.
Makhleb was noncommittal.
You were not hungry.

You visited 1 branch of the dungeon, and saw 3 of its levels.

You collected 118 gold pieces.

Inventory:

Missiles
 c - 3 throwing nets (quivered)
Armour
 b - a +1 helmet (worn)
 l - a +0 scale mail (worn)
Jewellery
 o - an uncursed ring of ice
Wands
 h - a wand of scattershot (7)
Scrolls
 a - 4 scrolls of teleportation
 f - 2 scrolls of immolation
 g - a scroll of identify
 p - a scroll of fog
 q - a scroll of noise {unknown}
Potions
 e - a potion of brilliance {unknown}
 i - 2 potions of flight {unknown}
 j - a potion of degeneration {unknown}
 m - 5 potions of curing {unknown}
 n - a potion of invisibility {unknown}
Comestibles
 d - 6 rations


   Skills:
 * Level 3.8 Fighting
 - Level 1.7 Throwing
 + Level 1.4 Armour
 + Level 3.2 Dodging
 * Level 4.5 Unarmed Combat
 + Level 1.0 Invocations
 - Level 0.1 Evocations


You had 4 spell levels left.
You didn't know any spells.
Your spell library was empty.

Dungeon Overview and Level Annotations

Branches:
Dungeon (3/15)

Altars:
Cheibriados
Makhleb
Xom
Yredelemnul
The Shining One


Innate Abilities, Weirdness & Mutations

Your body is rotting away.
You thrive on raw meat.
You are immune to poison.
You have sharp fingernails.
You are carnivorous and can eat meat at any time.
Your flesh is cold resistant. (rC+)
You are immune to negative energy. (rN+++)
You do not regenerate when monsters are visible.
You are immune to unholy pain and torment.
You can survive without breathing.


Message History

Okay, then.
The gnoll sergeant hits you but does no damage.
You scratch the gnoll sergeant.
The gnoll sergeant is lightly wounded.
The gnoll completely misses you.
The gnoll sergeant hits you with a spear.
You claw the gnoll sergeant!
The gnoll sergeant is moderately wounded.
The gnoll hits you but does no damage. The gnoll sergeant closely misses you.
You barely miss the gnoll sergeant.
The gnoll sergeant is moderately wounded.
The gnoll hits you but does no damage.
The gnoll sergeant hits you with a spear.
* * * LOW HITPOINT WARNING * * *
You barely miss the gnoll sergeant.
The gnoll sergeant is moderately wounded.
The gnoll hits you from afar with a spear.
* * * LOW HITPOINT WARNING * * *
The gnoll sergeant hits you with a spear.
You die...

...........####.##.#.# #.# #..#
##.#####.#.####.##.#.#######..#
##.## #.#...(.....#...##..##.#
#...####.######.#######._...#.#
g.............#.# #...P.#.###
#...###.#####.#.########_.⌠.'.#..
##.####.#####.#........#..P.#....
#.........##.#########P_..P###.#
######.##....gg@......##..##...#
#.#####.###########.#######
#.......# ### #########


You could see a gnoll sergeant and a gnoll.

Vanquished Creatures
  A gnoll shaman (D:3)
  4 gnolls
  5 adders
  3 dart slugs
  A leopard gecko (D:2)
  6 bats
  4 giant cockroaches
  3 goblins
  3 hobgoblins
  4 jackals (D:3)
  3 kobolds
  A ball python (D:2)
  4 frilled lizards
  11 rats
53 creatures vanquished.

Vanquished Creatures (others)
  A rat (D:2)
1 creature vanquished.

Grand Total: 54 creatures vanquished

Notes
Turn   | Place    | Note
-------+----------+-------------------------------------------
     0 | D:1      | HoaS the Ghoul Gladiator began the quest for the Orb.
     0 | D:1      | Reached XP level 1. HP: 17/17 MP: 0/0
   217 | D:1      | Reached XP level 2. HP: 25/25 MP: 1/1
   798 | D:2      | Found a burning altar of Makhleb.
   798 | D:2      | Found a shimmering altar of Xom.
   799 | D:2      | Found a snail-covered altar of Cheibriados.
   820 | D:2      | Reached XP level 3. HP: 29/30 MP: 2/2
   898 | D:2      | Found a glowing golden altar of the Shining One.
   900 | D:2      | Noticed an angel
   918 | D:2      | Found a basalt altar of Yredelemnul.
   928 | D:2      | Noticed a profane servitor
  1186 | D:2      | Reached skill level 4 in Unarmed Combat
  1259 | D:2      | Reached skill level 1 in Armour
  1313 | D:2      | Reached XP level 4. HP: 37/38 MP: 3/3
  1536 | D:2      | Became a worshipper of Makhleb the Destroyer
  1975 | D:3      | Found a basalt altar of Yredelemnul.
  2215 | D:3      | Reached XP level 5. HP: 36/45 MP: 4/4
  2275 | D:3      | Reached skill level 1 in Invocations
  2721 | D:2      | HP: 2/46 [gnoll/spear (5)]
  2721 | D:2      | Slain by a gnoll sergeant

Vault maps used:
D:1:      psy_arrival_basics
D:2:      gammafunk_temple_overflow_forgotten, grunt_temple_overflow_holy_war
D:3:      lemuel_castle_with_subvaults, first_ration, yredelemnul_altar_generic

Skill      XL: |  1  2  3  4  5 |
---------------+----------------+-----
Fighting       | 3 |  3.8
Unarmed Combat | 4 |  4.5
Armour         | 1 |  1.4
Dodging        | 3 |  3.2
Invocations    | 1 |  1.0
Throwing       | |  1.7
Evocations     | |  0.1

Action                   |  1- 3 |  4- 6 || total
-------------------------+-------+-------++-------
Melee: Unarmed           |   102 |    95 ||   197
  Use: Scroll            |     4 |     3 ||     7
  Eat: Chunk             |     4 |     4 ||     8
Armor: Leather armour    |    15 |       ||    15
       Scale mail        |    40 |    58 ||    98
Dodge: Dodged            |    52 |    63 ||   115

Table legend:
 A = Non-vault XP
 B = Vault XP
 C = Vault XP percentage of total XP
 D = Non-vault monster count
 E = Vault monster count
 F = Vault count percentage of total count
                 A         B        C        D         E       F
            +---------+---------+-------+---------+---------+-------
      Total |     132 |     104 |  44.1 |      44 |       9 |  17.0
            +---------+---------+-------+---------+---------+-------
        D:1 |      23 |       0 |   0.0 |      15 |       0 |   0.0
        D:2 |      59 |      14 |  19.2 |      14 |       1 |   6.7
        D:3 |      50 |      90 |  64.3 |      15 |       8 |  34.8
            +---------+---------+-------+---------+---------+-------
